 Dungeon Crawl Stone Soup version 0.28.0-43-g3370ac3207 (webtiles) character file.

Game seed: 6182399672943876106

882 styxcanada the Covert (level 7, -6/36 HPs)
             Began as a Spriggan Brigand on Mar 26, 2022.
             Was an Initiate of Gozag.
             Killed by divine providence
             ... invoked by an orc priest
              (12 damage)
             ... on level 5 of the Dungeon on Mar 27, 2022.
             The game lasted 00:25:39 (7106 turns).

styxcanada the Covert (Spriggan Brigand)            Turns: 7106, Time: 00:25:40

Health: -6/36      AC:  3    Str:  7    XL:     7   Next: 76%
Magic:  8/8        EV: 19    Int: 13    God:    Gozag
Gold:   144        SH:  0    Dex: 18    Spells: 6/6 levels left

rFire   . . .      SeeInvis +   a - +2 dagger
rCold   . . .      Faith    .   (no shield)
rNeg    . . .      Spirit   .   b - +0 robe
rPois   .          Reflect  .   (helmet restricted)
rElec   .          Harm     .   c - +0 cloak
rCorr   .          Rampage  .   (gloves unavailable)
Will    +....                   (boots unavailable)
Stlth   ++++......              (no amulet)
HPRegen 0.12/turn               (no ring)
MPRegen 0.11/turn               (no ring)

@: very quick
A: very small, no large weapons, unfitting armour, see invisible, speed 3
a: Renounce Religion, Potion Petition, Call Merchant, Bribe Branch


You were on level 5 of the Dungeon.
You worshipped Gozag.
Gozag was aware of your devotion.
You visited 2 branches of the dungeon, and saw 6 of its levels.

You collected 258 gold pieces.
You spent 39 gold pieces at shops.
You paid 75 gold pieces to Gozag.

Inventory:

Hand Weapons
 a - a +2 dagger (weapon)
Missiles
 f - 108 stones (quivered)
 g - 44 sling bullets
 s - a throwing net
Armour
 b - a +0 robe (worn)
 c - a +0 cloak (worn)
Wands
 o - a wand of acid (6)
 q - a wand of polymorph (9)
 t - a wand of iceblast (9)
 u - a wand of paralysis (6)
Scrolls
 e - a scroll of brand weapon {unknown}
 j - a scroll of magic mapping
 l - a scroll of enchant armour {unknown}
 p - 2 scrolls of torment {unknown}
 r - a scroll of fear {unknown}
 v - a scroll of teleportation {unknown}
Potions
 h - a potion of brilliance {unknown}
 i - a potion of flight {unknown}
 k - 2 potions of curing
 m - 2 potions of lignification {unknown}
 n - a potion of heal wounds {unknown}


   Skills:
 * Level 3.1 Fighting
 + Level 4.7 Short Blades
 + Level 3.6 Throwing
 * Level 4.5 Dodging
 * Level 9.6 Stealth
 * Level 2.7 Evocations


You had 6 spell levels left.
You didn't know any spells.
Your spell library was empty.

Dungeon Overview and Level Annotations

Branches:
Dungeon (5/15)             Temple (1/1) D:5

Altars:
Cheibriados
Gozag
Hepliaklqana
Okawaru
Qazlal
Trog
Wu Jian
Xom
Zin

Shops:
D:1 [   D:4 *   D:5 ?


Innate Abilities, Weirdness & Mutations

You are very small and have problems with some larger weapons.
You are too small for most types of armour.
You have supernaturally acute eyesight. (SInv)
You cover ground extremely quickly. (Speed+++)


Message History

Press: ? - help, Q - select action, (/) - cycle Shift-Dir - straight line, f/p - orc priest
Aim: an orc priest, wielding a +0 club (63% to hit)
You throw a poisoned dart. The poisoned dart hits the orc priest.
The orc priest is poisoned.
Unknown command.
Throw: dart (poison)
Press: ? - help, Q - select action, (/) - cycle Shift-Dir - straight line, f/p - orc priest
Aim: an orc priest, wielding a +0 club (poisoned, 63% to hit)
You throw a poisoned dart.
The poisoned dart closely misses the orc priest.
The poisoned dart hits the orc priest.
The orc priest is poisoned.
Found a scroll labelled TEYNKEL ZABB.
Throw: 109 stones
Press: ? - help, Q - select action, (/) - cycle Shift-Dir - straight line, f/p - orc priest
Aim: an orc priest, wielding a +0 club (lightly wounded, poisoned, 63% to hit)
You throw a stone. The stone barely misses the orc priest.
The orc priest looks braver for a moment.
Aiming: Paralyse
Press: ? - help, Shift-Dir - straight line, f/p - orc priest
Aim: an orc priest, wielding a +0 club (moderately wounded, poisoned, chance to affect: 55%)
The orc priest resists with significant effort.
Aiming: Paralyse
Press: ? - help, Shift-Dir - straight line, f/p - orc priest
Aim: an orc priest, wielding a +0 club (moderately wounded, poisoned, chance to affect: 55%)
The orc priest resists with significant effort.
The orc priest looks more healthy.
The orc priest calls upon Beogh to heal the orc priest.
The orc priest's wounds heal themselves!
You hit the orc priest.
The orc priest is heavily wounded.
The orc priest mumbles some strange prayers to Beogh against you.
Beogh smites you!
* * * LOW HITPOINT WARNING * * *
The orc priest looks more healthy.
The orc priest looks braver for a moment.
An adder comes into view.
The orc priest calls down the wrath of Beogh upon you.
Beogh smites you!
You die...
Your body crumbles into a pile of gold.

.####..#.#.## #.........# #...
.##.........######.##.####..##...
.##...#.#.#......#....## #..#...
....#...(...#..........## #.#...
..#...#.>.#...#.........####.....
....#.......#.†.........##.......
....oo#.#.#.............##.##..##
#....[......)...........##......#
#..###.#.#.##...@(......#####...#
##(# #......#.....(...>.# #.#..
#o# ##.#.#.............# #....
#o# #...##............### ##...
#(# ##.###...............# ##..
##.####.o.o...#........#.#..####.
?.....#......................#...
.......o.........................
......#........................<.


You could see an orc priest.

Vanquished Creatures
  A sky beast (D:3)
  A black bear (D:5)
  An ogre (D:4)
  A necrophage (D:4)
  2 scorpions (D:5)
  A jelly (D:4)
  A hound (D:4)
  A bullfrog skeleton (D:4)
  Ijyb (D:4)
  An iguana (D:4)
  An orc wizard (D:3)
  Robin (D:3)
  11 gnolls
  5 adders
  2 worms
  A dart slug (D:4)
  4 orcs
  9 ball pythons
  6 endoplasms
  A giant cockroach (D:1)
  10 goblins
  4 hobgoblins
  4 jackals (D:3)
  4 quokkas
  2 bats
  3 frilled lizards
  5 kobolds
  9 rats
93 creatures vanquished.

Notes
Turn   | Place    | Note
-------+----------+-------------------------------------------
     0 | D:1      | styxcanada the Spriggan Brigand began the quest for the
                  | Orb.
     0 | D:1      | Reached XP level 1. HP: 10/10 MP: 2/2
   271 | D:1      | Reached skill level 6 in Stealth
   271 | D:1      | Reached XP level 2. HP: 15/15 MP: 3/3
   475 | D:1      | Found Uroc's Armour Shoppe.
   765 | D:2      | Reached XP level 3. HP: 10/18 MP: 4/4
   796 | D:2      | Reached skill level 7 in Stealth
  1318 | D:2      | Reached XP level 4. HP: 11/23 MP: 5/5
  2021 | D:2      | Found a stormy altar of Qazlal.
  2265 | D:3      | Noticed a sky beast
  2281 | D:3      | Reached XP level 5. HP: 12/26 MP: 6/6
  2718 | D:3      | Reached skill level 8 in Stealth
  2730 | D:3      | HP: 1/27 [gnoll/+0 halberd (11)]
  3576 | D:3      | Found a faded altar of an unknown god.
  3953 | D:3      | Killed a sky beast
  3954 | D:3      | Reached XP level 6. HP: 3/32 MP: 7/7
  4292 | D:3      | Noticed Robin
  4313 | D:3      | Killed Robin
  4819 | D:4      | Reached skill level 9 in Stealth
  4998 | D:4      | Reached skill level 1 in Evocations
  5145 | D:4      | HP: 1/32 [acid (1)]
  5161 | D:4      | Noticed Ijyb
  5234 | D:4      | Found Ham Sitz's General Store.
  5518 | D:4      | Found an ornate altar of the Wu Jian Council.
  5521 | D:4      | Found a hazy altar of Hepliaklqana.
  5532 | D:4      | Reached XP level 7. HP: 35/35 MP: 8/8
  6323 | D:4      | Bought a potion of curing for 39 gold pieces
  6375 | D:4      | Killed Ijyb
  6690 | D:4      | Found a shimmering altar of Xom.
  6718 | D:5      | Entered Level 5 of the Dungeon
  6778 | D:5      | Found Hefyhes's Magic Scroll Boutique.
  6909 | D:5      | Found a staircase to the Ecumenical Temple.
  6916 | Temple   | Entered the Ecumenical Temple
  7046 | Temple   | Became a worshipper of Gozag Ym Sagoz the Greedy
  7106 | D:5      | Killed from afar by an orc priest

Illustrated notes

Levels and vault maps discovered:
D:1:      lightli_arrival_flooded_house, layout_rooms, serial_shops,
          nicolae_shop_behind_doors, chequers_serial_rivers_micro_b
D:2:      layout_basic, basic_altar
D:3:      layout_basic, dreamdust_ecumenical_altar_statues, uniq_robin
D:4:      layout_basic, lemuel_coloured_pillars_altar,
          nicolae_overflow_hidden_temple, serial_shops,
          nicolae_shop_advertising_works [nicolae_subvault_shop_adworks],
          uniq_ijyb
D:5:      layout_rooms, cheibrodos_ashenzari_chains,
          minmay_temple_entry_sparse_star, nicolae_take_the_stairs
Temple:   dpeg_chambers_temple

Skill      XL: |  1  2  3  4  5  6  7 |
---------------+----------------------+-----
Stealth        | 6 7 8 9 |  9.6
Fighting       | 2 3 |  3.1
Dodging        | 2 3 4 |  4.5
Short Blades   | 3 4 |  4.7
Throwing       | 3 |  3.6
Evocations     | 1 2 |  2.7

Action                   |  1- 3 |  4- 6 |  7- 9 || total
-------------------------+-------+-------+-------++-------
Melee: Dagger            |    64 |   221 |    78 ||   363
       Punch             |     2 |     7 |     1 ||    10
Throw: Dart              |    18 |    49 |    14 ||    81
       Stone             |       |     7 |     1 ||     8
       Throwing net      |       |     2 |       ||     2
Evoke: Wand              |       |     4 |     2 ||     6
  Use: Scroll            |       |     4 |       ||     4
 Stab: Sleeping          |     5 |     9 |     4 ||    18
       Held in net/web   |       |     1 |       ||     1
Armor: Robe              |     8 |    12 |     3 ||    23
Dodge: Dodged            |    43 |   155 |    41 ||   239
